 Dungeon Crawl Stone Soup version 0.30.1-3-gfc49f6343a (webtiles) character file.

Game seed: 7823392876706598079

121 spardeous the Digger (level 4, 0/33 HPs)
             Began as a Demigod Earth Elementalist on July 22, 2023.
             Slain by a hound (4 damage)
             ... on level 3 of the Dungeon.
             The game lasted 00:03:40 (2882 turns).

spardeous the Digger (Demigod Earth Elementalist)   Turns: 2882, Time: 00:03:41

Health: 0/33       AC:  4    Str:  7 (9)  XL:     4   Next: 48%
Magic:  8/11       EV: 11    Int: 18 (21) God:
Gold:   125        SH:  5    Dex: 11 (14) Spells: 5/9 levels left

rFire   . . .        (no weapon)
rCold   . . .        (no shield)
rNeg    . . .        f - +0 leather armour
rPois   .            e - +0 helmet {SInv}
rElec   .            (no cloak)
rCorr   .            (no gloves)
SInv    +            (no boots)
Will    .....        v - amulet of reflection
Stlth   +            c - ring of see invisible
HPRegen 0.25/turn    (no ring)
MPRegen 0.12/turn

%: reflection
@: brilliant, about to teleport
A: high MP 1, forlorn, divine attributes
a: no special abilities


You were on level 3 of the Dungeon.
You visited 1 branch of the dungeon, and saw 4 of its levels.

You collected 125 gold pieces.

Inventory:

Armour
 a - a +0 robe
 e - a +0 helmet of see invisible (worn)
 f - a +0 leather armour (worn)
 n - a scarf of invisibility
Magical Staves
 j - a staff of fire
Jewellery
 c - a ring of see invisible (left hand)
 v - an amulet of reflection (around neck)
Scrolls
 g - 4 scrolls of identify {unknown}
 k - a scroll of enchant weapon {unknown}
 o - a scroll of teleportation
 p - 2 scrolls of amnesia {unknown}
 r - a scroll of silence {unknown}
 t - a scroll of magic mapping {unknown}
 u - a scroll of fog {unknown}
Potions
 b - a potion of magic
 d - a potion of mutation {unknown}
 h - a potion of brilliance
 i - a potion of might {unknown}
 l - a potion of degeneration
 m - 2 potions of curing {unknown}
 q - a potion of attraction {unknown}
 s - a potion of flight {unknown}


   Skills:
 - Level 1.7 Dodging
 - Level 1.7 Stealth
 - Level 3.0 Spellcasting
 - Level 0.8 Transmutations
 + Level 4.2 Earth Magic


You had 5 spell levels left.
You knew the following spells:

 Your Spells              Type           Power      Damage    Failure   Level
a - Sandblast             Erth           52%        2d12      4%          1
b - Stone Arrow           Conj/Erth      30%        3d8       30%         3

Your spell library contained the following spells:

 Spells                   Type           Power      Damage    Failure   Level
 Passwall                 Tmut/Erth      14%        N/A       13%         2
 Petrify                  Tmut/Erth      17%        N/A       65%         4


Dungeon Overview and Level Annotations

Branches:
Dungeon (4/15)
 Temple: D:4-7

Shops:
D:2 [

Annotations:
D:3 2 runed translucent doors, HotCheetoh's ghost, amateur DrBe
D:4 Grinder


Innate Abilities, Weirdness & Mutations

You have an increased reservoir of magic. (+10% MP)
You shall have no god before yourself.
Your divine heritage dramatically boosts your attributes as you level up.


Message History

You take 15 damage, and have 9/33 hp.
MASSIVE DAMAGE!!
The hound bites you.
* * * LOW HITPOINT WARNING * * *
The orc barely misses you. The iguana bites you.
* * * LOW HITPOINT WARNING * * *
The orc priest barely misses you.
Grinder blinks!
You climb upwards.
Level annotation: 2 runed translucent doors, HotCheetoh's ghost, amateur DrBe
There is a stone staircase leading down here.
You take 2 damage, and have 7/33 hp.
Okay, then.
Casting: Sandblast (safe; 3% risk of failure)
Confirm with . or Enter, or press ? or * to list all spells.
Aiming: Sandblast (safe; 3% risk of failure)
Press: ? - help, Shift-Dir - straight line, f - hound
Aim: a hound (76% to hit)
The blast of sand hits the hound.
The hound is lightly wounded.
The hound barely misses you. The hound bites you but does no damage.
The orc misses you. The orc priest closely misses you.
You now have 7/11 mp.
As you read the scroll labelled CUONIM XASOQATA, it crumbles to dust.
You feel strangely unstable.
It was a scroll of teleportation.
The hound bites you.
* * * LOW HITPOINT WARNING * * *
The orc hits you with a +0 hand axe.
* * * LOW HITPOINT WARNING * * *
The orc priest hits you but does no damage.
The hound bites you.
* * * LOW HITPOINT WARNING * * *
You take 3 damage, and have 4/33 hp.
It was a potion of brilliance.
You feel clever all of a sudden. The hound bites you but does no damage.
The orc misses you. You block the orc priest's attack.
It was a potion of degeneration.
There was something very wrong with that liquid.
You feel weakened.
You feel dopey.
You feel clumsy. The hound bites you.
You die...

#.......##..))...............#
##......#####)...#.#####..##.#
#.......# #.#..[.# #..##.#
#.......# #.#...## ###..##.#
#.......# #.#...####....##.###
##....#.####.#...[..........†.#
#....#.......#.#.###.#.###.###
######...##..oo#.# #.#.....#
#...##.lh@#.# #.#####.#
#...#######.# #.# #.# #...#
#.###.#####.# #...#
#.........#.#
#...###########.###.#.#
#...#.....# #.###.#.#
#####.#^#######.......#
#.#.........#.#####
#.#......#.##.#


You could see an iguana, a hound, an orc priest and an orc.

Vanquished Creatures
  An orc wizard (D:3)
  An adder (D:2)
  A worm (D:2)
  A dart slug (D:2)
  9 orcs
  9 bats
  3 endoplasms
  A giant cockroach (D:2)
  8 goblins
  10 hobgoblins
  4 jackals (D:2)
  2 quokkas
  A ball python (D:2)
  6 frilled lizards
  6 kobolds
  4 rats
67 creatures vanquished.

Notes
Turn   | Place    | Note
-------+----------+-------------------------------------------
     0 | D:1      | spardeous the Demigod Earth Elementalist began the quest
                  | for the Orb.
     0 | D:1      | Reached XP level 1. HP: 14/14 MP: 5/5
   171 | D:1      | Reached skill level 3 in Earth Magic
   393 | D:1      | Reached XP level 2. HP: 16/20 MP: 2/7
  1163 | D:2      | Reached XP level 3. HP: 25/26 MP: 5/9
  1394 | D:2      | Found Afafor's Antique Armour Boutique.
  1640 | D:2      | Learned a level 3 spell: Stone Arrow
  2093 | D:3      | Found a large runed translucent door.
  2094 | D:3      | Found a large runed translucent door.
  2101 | D:3      | Noticed HotCheetoh's ghost (amateur DrBe)
  2312 | D:3      | Reached XP level 4. HP: 33/33 MP: 7/11
  2508 | D:3      | Reached skill level 4 in Earth Magic
  2872 | D:4      | Noticed Grinder
  2873 | D:4      | Paralysed by Grinder for 4 turns
  2882 | D:3      | Slain by a hound

Illustrated notes

Levels and vault maps discovered:
D:1:      amcnicky_arrival_abandoned_market, layout_loops_ring,
          shapermc_ecumenical_altar_hornbeckon, reono_crystal_passage
D:2:      layout_loops_ring, serial_shops, shop, minmay_goblin_outpost
D:3:      layout_basic, ebering_ghost_disaster_area
D:4:      layout_basic, general_overflow_altar, mainiacjoe_overflow_catwalk,
          minmay_temple_entry_mist, cheibrodos_sewer_entry_sluice, uniq_grinder

Skill      XL: |  1  2  3  4 |
---------------+-------------+-----
Earth Magic    | 3 4 |  4.2
Spellcasting   | 2 3 |  3.0
Dodging        | |  1.7
Stealth        | |  1.7
Transmutations | |  0.8

Action                     |  1- 3 |  4- 6 || total
---------------------------+-------+-------++-------
  Melee: Unarmed           |     4 |       ||     4
   Cast: Sandblast         |    82 |    19 ||   101
    Use: Potion            |       |     2 ||     2
         Scroll            |       |     1 ||     1
 Armour: Leather armour    |    23 |     9 ||    32
  Dodge: Dodged            |    43 |     8 ||    51
  Block: Other             |       |     1 ||     1
